 Dungeon Crawl Stone Soup version 0.13-a0-1672-g2e244fd (webtiles) character file.

286 ito725 the Cutter (level 5, -1/27 HPs)
             Began as a Spriggan Abyssal Knight on June 19, 2013.
             Was a Priest of Lugonu.
             Slain by Purgy (2 damage)
             ... on Level 4 of the Dungeon.
             The game lasted 00:13:37 (4079 turns).

ito725 the Cutter (Spriggan Abyssal Knight)         Turns: 4079, Time: 00:13:39

HP  -1/27        AC  3     Str  8      XL: 5   Next: 30%
MP  12/12        EV 18     Int 15      God: Lugonu [***...]
Gold 109         SH  0     Dex 15      Spells:  0 memorised,  4 levels left

Res.Fire  : . . .   See Invis. : +   a - +2 short sword
Res.Cold  : . . .   Warding    : .   b - +0 robe
Life Prot.: . . .   Conserve   : .   (shield restricted)
Res.Poison: .       Res.Corr.  : .   (helmet restricted)
Res.Elec. : .       Clarity    : .   l - +0 cloak
Sust.Abil.: . .     Spirit.Shd : .   (gloves unavailable)
Res.Mut.  : .       Stasis     : .   (boots unavailable)
Res.Rott. : .       Flight     : .   (no amulet)
Saprovore : . . .                    (no ring)
                                     (no ring)

@: very quick, somewhat resistant to hostile enchantments, stealthy
A: unfitting armour, see invisible, herbivore 3, speed 3, slow metabolism 2
a: Depart the Abyss, Bend Space, Banish, Renounce Religion


You were on level 4 of the Dungeon.
You worshipped Lugonu.
Lugonu was greatly pleased with you.
You were very hungry.

You visited 1 branch of the dungeon, and saw 4 of its levels.
You visited the Abyss 1 time.

You collected 89 gold pieces.

Inventory:

Hand weapons
 a - a +2,+2 short sword (weapon)
 v - a +4,+3 quarterstaff of chaos
 z - a +0,+0 dwarven short sword
Armour
 b - a +0 robe (worn)
 l - a +0 cloak (worn)
 w - a +0 cloak
Magical devices
 n - a wand of random effects (14)
Comestibles
 h - a banana
 q - a choko
 s - a snozzcumber
 u - a bread ration
Scrolls
 d - 2 scrolls of curse weapon {unknown}
 e - 3 scrolls of recharging {unknown}
 f - a scroll of enchant armour {unknown}
 i - a scroll of magic mapping {unknown}
 j - a scroll of random uselessness {unknown}
 k - 2 scrolls of identify {unknown}
 o - 2 scrolls of teleportation {unknown}
 p - 2 scrolls of blinking {unknown}
 x - a scroll of noise {unknown}
 y - a scroll of remove curse {unknown}
Potions
 c - a potion of porridge
 g - a potion of curing {unknown}
 m - a potion of might {unknown}
 r - a potion of speed {unknown}
 t - a potion of brilliance {unknown}
 A - a potion of confusion {unknown}


   Skills:
 - Level 2.4 Fighting
 - Level 5.2 Short Blades
 - Level 3.5 Dodging
 + Level 3.0 Stealth
 + Level 2.6 Invocations


You had 4 spell levels left.
You didn't know any spells.

Dungeon Overview and Level Annotations

Branches:
Dungeon (4/27)
 Temple: D:4-7

Altars:
Nemelex Xobeh

Annotations
D:3 Grinder; Root's ghost, average DrMo
D:4 Menkaure; Purgy


Innate Abilities, Weirdness & Mutations

You are tiny and cannot use many weapons and most armour.
You have supernaturally acute eyesight.
You are a herbivore.
You cover ground extremely quickly.
You need consume almost no food.


Message History

Things that are here:
a bat corpse; a rat corpse You offer a prayer to Lugonu.
The bat corpse is consumed by the void.
The rat corpse is consumed by the void.
Lugonu is greatly pleased with you.
Menkaure comes into view.
Menkaure shouts!
Purgy looks around nervously.
Purgy bites you.
* * * LOW HITPOINT WARNING * * *
Purgy claws you.
* * * LOW HITPOINT WARNING * * *
Purgy claws you but does no damage.
Purgy looks very sad for a moment.
Purgy bites you.
* * * LOW HITPOINT WARNING * * *
Purgy claws you.
* * * LOW HITPOINT WARNING * * *
Purgy claws you.
You die...

#.#######.# #.#######.##
#####...........
#.........[.....
##########.##..........##
..M......#.##..........#
.....###.#.###'#########
. #...T.....#
#.#@......#########
...+................ ###
#.......########.
##..###.# ## #..###.##
.... #.......#
.....##..###..#######.
P.....................
≈P........###..######.


You could see Purgy.

Vanquished Creatures
  A crimson imp (D:3)
  Crazy Yiuf (D:2)
  Jessica (D:2)
  An adder (D:4)
  A giant mite (D:2)
  An iguana skeleton (D:4)
  A bat skeleton (D:4)
  3 giant geckos (D:1)
  An orc (D:2)
  2 ball pythons
  6 giant cockroaches
  12 goblins
  9 hobgoblins
  6 jackals (D:1)
  6 bats
  2 giant newts
  9 kobolds
  A quokka (D:4)
  7 rats
71 creatures vanquished.

Notes
Turn   | Place    | Note
--------------------------------------------------------------
     0 | Abyss:1  | ito725, the Spriggan Abyssal Knight, began the quest for the Orb.
     0 | Abyss:1  | Reached XP level 1. HP: 11/11 MP: 2/2
    84 | Abyss:1  | Noticed a starcursed mass
   100 | D:1      | Escaped the Abyss
   338 | D:1      | Reached XP level 2. HP: 15/15 MP: 4/4
   530 | D:1      | Acquired Lugonu's second power
   639 | D:1      | Found a sparkling altar of Nemelex Xobeh.
   872 | D:2      | Noticed Jessica
   879 | D:2      | Killed Jessica
   879 | D:2      | Reached skill level 4 in Short Blades
   879 | D:2      | Reached XP level 3. HP: 18/18 MP: 6/6
  1468 | D:2      | Noticed Crazy Yiuf
  1486 | D:2      | Killed Crazy Yiuf
  1486 | D:2      | Reached skill level 5 in Short Blades
  1486 | D:2      | Reached XP level 4. HP: 3/23 MP: 9/9
  1908 | D:3      | Noticed Grinder
  1977 | D:3      | Noticed an ice beast
  2417 | D:3      | Acquired Lugonu's third power
  2431 | D:3      | Reached XP level 5. HP: 14/27 MP: 11/11
  2530 | D:3      | Paralysed by Grinder for 4 turns
  2813 | D:4      | Noticed an ogre
  3527 | D:3      | Noticed Root's ghost (average DrMo)
  4022 | D:4      | Noticed Purgy
  4075 | D:4      | Noticed Menkaure
  4079 | D:4      | HP: 1/27 [Purgy (1)]
  4079 | D:4      | Slain by Purgy

Action                   |  1- 3 |  4- 6 || total
-------------------------+-------+-------++-------
Melee: Short sword       |    99 |   164 ||   263
Evoke: Wand              |     1 |     2 ||     3
 Stab: Sleeping          |     3 |     1 ||     4
       Confused          |       |     1 ||     1
